 Dungeon Crawl Stone Soup version 0.23.2-40-g277498a001 (webtiles) character file.

Game seed: 6745467039955735078

62 Marnok the Charlatan (level 3, -1/28 HPs)
             Began as a Demigod Artificer on Oct 3, 2019.
             Slain by a gnoll
             ... wielding a +3 halberd
              (15 damage)
             ... on level 3 of the Dungeon.
             The game lasted 00:05:31 (1789 turns).

Marnok the Charlatan (Demigod Artificer)            Turns: 1789, Time: 00:05:31

Health: -1/28      AC:  8    Str: 14 (17) XL:     3   Next: 60%
Magic:  7/7        EV:  5    Int: 13 (15) God:
Gold:   128        SH: 11    Dex: 13 (16) Spells: 2/2 levels left

rFire    . . .     SeeInvis .   j - +2 short sword (holy)
rCold    + . .     Gourm    .   g - +0 large shield
rNeg     . . .     Faith    .   i - +1 scale mail {rC+}
rPois    .         Spirit   .   (no helmet)
rElec    .         Reflect  .   (no cloak)
rCorr    .         Harm     .   (no gloves)
MR       .....                  p - +0 pair of boots
Stlth    ..........             (no amulet)
HPRegen  0.09/turn              (no ring)
MPRegen  0.10/turn              (no ring)

@: about to teleport
A: high mp 1
a: no special abilities


You were on level 3 of the Dungeon.
You were not hungry.

You visited 1 branch of the dungeon, and saw 4 of its levels.

You collected 128 gold pieces.

Inventory:

Hand Weapons
 j - a +2 short sword of holy wrath (weapon)
 r - a +1 whip of freezing
Missiles
 m - 6 javelins (quivered)
 n - 4 exploding tomahawks
Armour
 g - a +0 large shield (worn)
 i - a +1 scale mail of cold resistance (worn)
 p - a +0 pair of boots (worn)
Jewellery
 u - an uncursed ring of flight {unknown}
Wands
 c - a wand of flame (31)
 d - a wand of enslavement (15)
 e - a wand of random effects (15)
Scrolls
 k - a scroll of enchant armour {unknown}
 q - 2 scrolls of identify
 t - a scroll of noise {unknown}
 v - a scroll of remove curse
Potions
 b - 2 potions of haste
 l - 2 potions of magic
Comestibles
 f - 4 rations
 s - 4 chunks of flesh


   Skills:
 + Level 1.1 Fighting
 + Level 1.7 Short Blades
 + Level 1.1 Armour
 + Level 2.1 Dodging
 + Level 0.8 Stealth
 + Level 0.8 Shields
 + Level 3.2 Evocations


You had 2 spell levels left.
You didn't know any spells.
Your spell library was empty.

Dungeon Overview and Level Annotations

Branches:
Dungeon (4/15)
 Temple: D:4-7


Innate Abilities, Weirdness & Mutations

You have an increased reservoir of magic. (+10% MP)


Message History

You feel weakened.
You feel dopey.
You feel clumsy. You block the adder's attack.
You block the leopard gecko's attack.
The gnoll hits you from afar with a +3 halberd!
The adder bites you but does no damage.
As you read the scroll of teleportation, it crumbles to dust.
You feel strangely unstable. You block the leopard gecko's attack.
The adder bites you but does no damage. You block the gnoll's attack.
You hit the adder but do no damage.
The adder is severely wounded.
The leopard gecko bites you. The adder bites you but does no damage.
The leopard gecko closely misses you. You block the gnoll's attack.
Your shield and scale mail prevent you from hitting the adder.
The adder is severely wounded.
The adder bites you but does no damage. You block the leopard gecko's attack.
You block the adder's attack.
You barely miss the adder.
The adder is severely wounded.
The gnoll hits you from afar with a +3 halberd!
Ouch! That really hurt!
You die...

##.### #...#
#..... #...#
#..#.) #
#...#### # #..
#. #......#
#.##. #..
......####
......
#...#.$.......
...###
#....lS.......
.......
#..###@# .#
#######
#..gg..#+#...
.
#.###.......=.
# #...........
# #.#.........
.# #
#.####.#....
..####
#....#.#....
..##..
####.#.# ###
#.##.# #.#.#
#.##.#


You could see 2 gnolls, an adder and a leopard gecko.

Vanquished Creatures
  Terence (D:2)
  A dart slug (D:1)
  A leopard gecko (D:1)
  3 orcs (D:3)
  2 bats (D:2)
  3 giant cockroaches
  8 hobgoblins
  A kobold (D:2)
  2 quokkas (D:2)
  4 frilled lizards
  2 goblins
  3 rats
31 creatures vanquished.

Notes
Turn   | Place    | Note
-------+----------+-------------------------------------------
     0 | D:1      | Marnok the Demigod Artificer began the quest for the Orb.
     0 | D:1      | Reached XP level 1. HP: 15/15 MP: 5/5
   112 | D:1      | Reached skill level 3 in Evocations
   443 | D:1      | Reached skill level 1 in Short Blades
   443 | D:1      | Reached XP level 2. HP: 22/22 MP: 6/6
   828 | D:2      | Reached skill level 1 in Fighting
   942 | D:2      | Found a deep blue altar of Sif Muna.
   976 | D:2      | Noticed Terence
   985 | D:2      | Killed Terence
   985 | D:2      | Reached XP level 3. HP: 15/28 MP: 7/7
  1180 | D:2      | Reached skill level 1 in Armour
  1185 | D:2      | Found a glowing silver altar of Zin.
  1789 | D:3      | Slain by a gnoll

Skill      XL: |  1  2  3 |
---------------+----------+-----
Evocations     | 3 |  3.2
Short Blades   | 1 |  1.7
Fighting       | 1 |  1.1
Dodging        | 2 |  2.1
Armour         | 1 |  1.1
Stealth        | |  0.8
Shields        | |  0.8

Action                   || total
-------------------------++-------
Melee: Short sword       ||   125
  Use: Scroll            ||     6
       Potion            ||     4
  Eat: Chunk             ||     3
Armor: Scale mail        ||    41
       Leather armour    ||     3
Dodge: Dodged            ||    27
Block: Large shield      ||    62
